 Dungeon Crawl Stone Soup version 0.29.1-12-g30fa7ad0bf (webtiles) character file.

Game seed: 3972215757550493513

7 wormed the Sneak (level 1, 0/9 HPs)
             Began as a Spriggan Enchanter on Dec 21, 2022.
             Slain by an endoplasm (3 damage)
             ... on level 1 of the Dungeon.
             The game lasted 00:02:08 (192 turns).

wormed the Sneak (Spriggan Enchanter)                Turns: 192, Time: 00:02:09

Health: 0/9        AC:  2    Str:  4    XL:     1   Next: 83%
Magic:  5/5        EV: 17    Int: 16    God:
Gold:   15         SH:  0    Dex: 15    Spells: 5/5 levels left

rFire   . . .      SeeInvis +   a - +1 dagger
rCold   . . .      Faith    .   (no shield)
rNeg    . . .      Spirit   .   b - +0 robe
rPois   .          Reflect  .   (helmet restricted)
rElec   .          Harm     .   (no cloak)
rCorr   .          Rampage  .   (gloves unavailable)
Will    .....                   (boots unavailable)
Stlth   +++.......              (no amulet)
HPRegen 0.03/turn               (no ring)
MPRegen 0.09/turn               (no ring)

@: very quick
A: very small, no large weapons, unfitting armour, see invisible, speed 3
a: no special abilities


You were on level 1 of the Dungeon.
You visited 1 branch of the dungeon, and saw 1 of its levels.

You collected 15 gold pieces.

Inventory:

Hand Weapons
 a - a +1 dagger (weapon)
Armour
 b - a +0 robe (worn)
Scrolls
 d - a scroll of immolation {unknown}
Potions
 c - 2 potions of invisibility


   Skills:
 + Level 1.3 Short Blades
 + Level 2.9 Dodging
 + Level 4.6 Stealth
 + Level 2.8 Spellcasting
 + Level 3.7 Hexes


You had 5 spell levels left.
You didn't know any spells.
Your spell library contained the following spells:

 Spells                   Type           Power      Damage    Failure   Level
 Slow                     Hex            56%        N/A       4%          1
 Confusing Touch          Hex            14%        N/A       12%         3
 Tukima's Dance           Hex            14%        N/A       12%         3
 Ensorcelled Hibernation  Hex/Ice        16%        N/A       13%         2
 Dazzling Flash           Conj/Hex       16%        N/A       26%         3
 Vampiric Draining        Necr           2%         2d6       50%         3


Dungeon Overview and Level Annotations

Branches:
Dungeon (1/15)

Altars:


Innate Abilities, Weirdness & Mutations

You are very small and have problems with some larger weapons.
You are too small for most types of armour.
You have supernaturally acute eyesight. (SInv)
You cover ground extremely quickly. (Speed+++)


Message History

You hit the kobold.
The kobold is heavily wounded.
The kobold closely misses you.
You closely miss the kobold.
The kobold is heavily wounded.
The kobold barely misses you.
You hit the kobold.
You kill the kobold!
You see here a +0 whip.
You see here a +0 dagger.
You see here a +0 whip.
Found a stone staircase leading down.
There is a stone staircase leading down here.
Found an escape hatch in the floor.
A hobgoblin comes into view.
A hobgoblin is nearby!
The helpless hobgoblin fails to defend itself.
You puncture the hobgoblin!
You kill the hobgoblin!
A giant cockroach comes into view.
The ball python hisses angrily.
The ball python misses you. The ball python grabs you.
The ball python constricts you.
You hit the ball python.
You kill the ball python!
A goblin comes into view. It is wielding a +0 club.
You see here a ball python corpse.
The goblin shouts!
The giant cockroach closely misses you.
You hit the giant cockroach.
The giant cockroach is moderately wounded.
The endoplasm freezes you.
You are frozen.
The giant cockroach misses you.
You barely miss the giant cockroach.
The giant cockroach is moderately wounded.
The giant cockroach bites you. The endoplasm hits you.
You hit the giant cockroach.
You kill the giant cockroach!
The endoplasm hits you.
You die...

#### ######...#.#
.####......#.#.#
........†..#.#.#
..###.....##.#.#
...###.....#.#.# ...#
#.###.#.#.# .
...###.###.#.#.#####....
...............†@.g.....
.>..............!J##....
...###.###.#.#.##...# .
######.........####.#
###################.#
##................#.#
##.##############.#.#
##.#............#†#.#
##.'.####'#####.+.#.#


You could see an endoplasm and a goblin.

Vanquished Creatures
  A ball python (D:1)
  A giant cockroach (D:1)
  A goblin (D:1)
  2 hobgoblins (D:1)
  A kobold (D:1)
6 creatures vanquished.

Notes
Turn   | Place    | Note
-------+----------+-------------------------------------------
     0 | D:1      | wormed the Spriggan Enchanter began the quest for the Orb.
     0 | D:1      | Reached XP level 1. HP: 9/9 MP: 5/5
   192 | D:1      | Slain by an endoplasm

Illustrated notes

Levels and vault maps discovered:
D:1:      zelgadis_glass_arrival_large, layout_basic,
          ebering_ecumenical_altar_mist, chequers_serial_rivers_micro_c,
          minmay_misc_feat_doors

Action                   || total
-------------------------++-------
Melee: Dagger            ||    15
 Stab: Sleeping          ||     2
Armor: Robe              ||     1
Dodge: Dodged            ||    11
